 Dungeon Crawl Stone Soup version 0.21-a0-509-gecc5317402 (webtiles) character file.

72 Eonwe the Firebug (level 4, -2/30 HPs)
             Began as a Demonspawn Fire Elementalist on Nov 30, 2017.
             Killed from afar by Natasha (5 damage)
             ... with a magic dart
             ... on level 2 of the Dungeon.
             The game lasted 00:06:55 (1899 turns).

Eonwe the Firebug (Demonspawn Fire Elementalist)    Turns: 1899, Time: 00:06:55

Health: -2/30      AC:  4    Str:  8    XL:     4   Next: 7%
Magic:  1/8        EV: 12    Int: 17    God:
Gold:   79         SH:  0    Dex: 14    Spells: 7/8 levels left

rFire    . . .     SeeInvis +   k - +1 dagger (drain)
rCold    + . .     Gourm    .   (no shield)
rNeg     . . .     Faith    .   a - +0 robe
rPois    .         Spirit   .   (no helmet)
rElec    .         Reflect  .   (no cloak)
rCorr    .         Harm     .   (no gloves)
MR       .....                  (no boots)
Stlth    ++........             (no amulet)
HPRegen  0.10/turn              e - ring of see invisible
MPRegen  0.11/turn              (no ring)

@: no status effects
A: slimy green scales 1, cold resistance 1
a: no special abilities


You were on level 2 of the Dungeon.
You were not hungry.

You visited 1 branch of the dungeon, and saw 2 of its levels.

You collected 79 gold pieces.

Inventory:

Hand Weapons
 k - a +1 dagger of draining (weapon)
Armour
 a - a +0 robe (worn)
Jewellery
 e - a ring of see invisible (left hand)
Scrolls
 g - 2 scrolls of remove curse {unknown}
 m - 2 scrolls of teleportation {unknown}
 o - a scroll of amnesia {unknown}
 p - a scroll of immolation {unknown}
Potions
 f - a potion of lignification
 i - a potion of flight
 j - a potion of brilliance
 n - a potion of curing {unknown}
Books
 b - a book of Flames

   Spells                             Type                      Level
   a - Flame Tongue                   Conjuration/Fire             1
   b - Throw Flame                    Conjuration/Fire             2
   c - Conjure Flame                  Conjuration/Fire             3
   d - Inner Flame                    Hexes/Fire                   3
   e - Sticky Flame                   Conjuration/Fire             4
   f - Fireball                       Conjuration/Fire             5
Comestibles
 c - 2 bread rations
 d - 3 meat rations
 h - 2 fruits
 l - a royal jelly


   Skills:
 - Level 1.7 Dodging
 - Level 1.7 Stealth
 + Level 2.8 Spellcasting
 + Level 2.3 Conjurations
 + Level 3.4 Fire Magic


You had 7 spell levels left.
You knew the following spells:

 Your Spells              Type           Power        Failure   Level  Hunger
a - Flame Tongue          Conj/Fire      ##...        5%          1    #......


Dungeon Overview and Level Annotations

Branches:
Dungeon (2/15)

Altars:
Kikubaaqudgha

Annotations:
D:2 Natasha


Innate Abilities, Weirdness & Mutations

You are partially covered in slimy green scales. (AC +2)
Your flesh is cold resistant. (rC+)


Message History

Natasha closely misses you.
Casting: Flame Tongue
Confirm with . or Enter, or press ? or * to list all spells.
Aiming: Flame Tongue
Press: ? - help, Shift-Dir - straight line, f/p - Natasha
Aim: Natasha (severely wounded)
The flame tongue hits Natasha.
Natasha is almost dead.
Natasha claws you.
You closely miss Natasha.
Natasha is almost dead.
Natasha claws you.
* * * LOW HITPOINT WARNING * * *
Natasha stares at you and mumbles some strange words.
The magic dart hits you!
* * * LOW HITPOINT WARNING * * *
Natasha misses you. Natasha casts a spell at you. The magic dart hits you!
You die...

#........≈.# #...≈≈≈≈≈..#
#..≈≈≈≈...## #...≈≈≈...#
########...≈≈≈≈...#
#..........≈.≈..⌠....#
#.......h.#..........#
#.........#########..#
#........@### ###..#####
#...........#####.........
#.........................
#.........#####...........
#.........# ###.(.......
#.........# #.........
########### #.....†...
#.......(. #....(†...


You could see Natasha.

Vanquished Creatures
  Natasha (D:2)
  Robin (D:2)
  An ooze (D:2)
  A worm (D:2)
  A dart slug (D:1)
  A ball python (D:2)
  A giant cockroach (D:2)
  2 hobgoblins (D:2)
  4 bats
  9 goblins
  4 kobolds
  6 rats
32 creatures vanquished.

Notes
Turn   | Place    | Note
-------+----------+-------------------------------------------
     0 | D:1      | Eonwe the Demonspawn Fire Elementalist began the quest for the Orb.
     0 | D:1      | Reached XP level 1. HP: 13/13 MP: 3/3
   760 | D:1      | Gained mutation: Your flesh is cold resistant. (rC+) [demonic ancestry]
   760 | D:1      | Reached XP level 2. HP: 18/19 MP: 5/5
  1186 | D:2      | Noticed Natasha
  1206 | D:2      | Killed Natasha
  1206 | D:2      | Reached skill level 3 in Fire Magic
  1206 | D:2      | Reached XP level 3. HP: 24/24 MP: 3/6
  1649 | D:2      | Noticed Robin
  1722 | D:2      | Killed Robin
  1830 | D:2      | Gained mutation: You are partially covered in slimy green scales. (AC +2) [demonic ancestry]
  1830 | D:2      | Reached XP level 4. HP: 27/30 MP: 5/8
  1868 | D:2      | Found an ancient bone altar of Kikubaaqudgha.
  1869 | D:2      | Noticed Natasha
  1899 | D:2      | Killed from afar by Natasha

Vault maps used:
D:1:      evilmike_arrival_hilbert_curve, hangedman_abyss_or_decor_lesser_grid,
          glass_columns_c, minmay_misc_feat_ornament
D:2:      kiku_gazebo_pond_becter, first_bread, uniq_robin, uniq_jessica,
          uniq_natasha

Skill      XL: |  1  2 |
---------------+-------+-----
Conjurations   | 2 |  2.3
Fire Magic     | 3 |  3.4
Dodging        | |  1.7
Stealth        | |  1.7
Spellcasting   | |  2.8

Action                   |  1- 3 |  4- 6 || total
-------------------------+-------+-------++-------
Melee: Short sword       |     8 |       ||     8
       Dagger            |    20 |     4 ||    24
 Cast: Flame Tongue      |    48 |    11 ||    59
  Use: Scroll            |     4 |       ||     4
 Stab: Sleeping          |     1 |       ||     1
  Eat: Chunk             |     3 |       ||     3
Armor: Robe              |     8 |       ||     8
Dodge: Dodged            |    29 |     8 ||    37

Table legend:
 A = Spawn XP
 B = Non-spawn XP
 C = Spawn XP percentage of total XP
 D = Spawn monster count
 E = Non-spawn monster count
 F = Spawn count percentage of total count
 G = Total turns spent on level
                    A         B        C        D         E        F      G
               +---------+---------+-------+---------+---------+-------+---------
         Total |       0 |     104 |   0.0 |       0 |      32 |   0.0 |  1899
               +---------+---------+-------+---------+---------+-------+---------
           D:1 |       0 |      12 |   0.0 |       0 |       8 |   0.0 |  1290
           D:2 |       0 |      92 |   0.0 |       0 |      24 |   0.0 |   609
               +---------+---------+-------+---------+---------+-------+---------
